 Dungeon Crawl Stone Soup version 0.25-a0-156-g0c4bda3fdf (webtiles) character file.

Game seed: 17443121600993960017, levelgen mode: deterministic

116 Leeroy the Slasher (level 4, -4/36 HPs)
             Began as a Draconian Skald on Nov 20, 2019.
             Killed from afar by an orc wizard (12 damage)
             ... with a puff of flame
             ... on level 3 of the Dungeon.
             The game lasted 00:03:44 (2048 turns).

Leeroy the Slasher (Draconian Skald)                Turns: 2048, Time: 00:03:45

Health: -4/36      AC:  5    Str: 13    XL:     4   Next: 69%
Magic:  6/7        EV: 12    Int: 13    God:
Gold:   137        SH:  0    Dex: 12    Spells: 1/7 levels left

rFire    . . .     SeeInvis .   a - +0 falchion
rCold    . . .     Gourm    .   (no shield)
rNeg     . . .     Faith    .   (armour unavailable)
rPois    .         Spirit   .   (helmet restricted)
rElec    .         Reflect  .   (no cloak)
rCorr    .         Harm     .   (no gloves)
MR       .....                  (no boots)
Stlth    +.........             (no amulet)
HPRegen  0.12/turn              (no ring)
MPRegen  0.10/turn              (no ring)

@: no status effects
A: unfitting armour, cold-blooded, AC +5
a: no special abilities


You were on level 3 of the Dungeon.
You were not hungry.

You visited 1 branch of the dungeon, and saw 4 of its levels.

You collected 137 gold pieces.

Inventory:

Hand Weapons
 a - a +0 falchion (weapon)
 b - a +0 dagger
 d - a +0 dagger of venom
 k - a +0 hunting sling
 l - a +0 flail of protection
 p - a +0 club
Missiles
 f - 4 boomerangs (quivered)
 q - 22 stones
 r - a boomerang of dispersal
Jewellery
 s - an uncursed amulet of guardian spirit
Scrolls
 e - 3 scrolls of identify
 g - a scroll of amnesia {unknown}
 i - a scroll of teleportation {unknown}
 m - a scroll of remove curse {unknown}
Potions
 h - a potion of curing {unknown}
 j - a potion of cancellation {unknown}
 n - a potion of lignification {unknown}
 t - a potion of degeneration {unknown}
Comestibles
 c - 3 rations
 o - 2 chunks of flesh


   Skills:
 - Level 2.1 Fighting
 + Level 5.0 Long Blades
 - Level 2.1 Dodging
 - Level 2.0 Spellcasting
 - Level 2.6 Charms


You had one spell level left.
You knew the following spells:

 Your Spells              Type           Power        Failure   Level  Hunger
a - Infusion              Chrm           #...         9%          1    ##.....
b - Spectral Weapon       Hex/Chrm       #.......     41%         3    ####...
c - Swiftness             Chrm/Air       #.......     22%         2    ###....

Your spell library contained the following spells:

 Spells                   Type           Power        Failure   Level  Hunger
 Shock                    Conj/Air       #...         26%         1    ##.....
 Song of Slaying          Chrm           #.......     13%         2    ###....
 Shroud of Golubria       Chrm/Tloc      #.....       22%         2    ###....
 Regeneration             Chrm/Necr      #.........   41%         3    ####...
 Static Discharge         Conj/Air       #.......     58%         3    ####...
 Airstrike                Air            #.........   94%         4    #####..
 Lightning Bolt           Conj/Air       #.........   100%        5    ######.


Dungeon Overview and Level Annotations

Branches:
Dungeon (4/15)
 Temple: D:4-7

Altars:
Dithmenos
Elyvilon
Kikubaaqudgha


Innate Abilities, Weirdness & Mutations

Your plain brown scales are hard. (AC +5)
You cannot fit into any form of body armour.
You are cold-blooded and may be slowed by cold attacks.


Message History

You slash the orc!
You kill the orc!
Something barely misses your spectral weapon.
Your spectral weapon fades away.
You miss something. Something hits you.
You hit something but do no damage.
Your tail-slap misses something.
Something hits you.
You closely miss something. Something hits you but does no damage.
You closely miss something. Something hits you but does no damage.
You barely miss something. Something hits you.
You hit something but do no damage. Something hits you.
You hit something but do no damage. Something hits you but does no damage.
You hit something but do no damage. Something hits you.
You hit something. Something hits you but does no damage.
You miss something. Something hits you.
* * * LOW HITPOINT WARNING * * *
You hear some strange, mumbled words.
A puff of flame appears from out of thin air!
The puff of flame hits you!
You die...

#..#.#..###
♣♣..≈≈≈≈≈..♣
#.......###
♣...≈≈≈...♣
#.........#
♣♣.......♣♣
####)###### ♣♣.....♣♣
#.......# ♣♣...♣♣
#.##.##.# ♣♣.....♣♣
.. #..#.####
♣♣.......♣♣ ##
##......##♣{).≈≈≈...♣
#...###..@..≈≈≈≈≈..#
#...###.)...≈≈♣≈≈..#
####..####..≈≈≈≈≈..#
##.#......≈≈≈...#
#.#.###.......##
#.#.####......#
##.#...........#
#^.#.##.##.#####
##...##.##.#


There were no monsters in sight!

Vanquished Creatures
  A bullfrog skeleton (D:4)
  Terence (D:2)
  2 oozes (D:2)
  A worm (D:2)
  A dart slug (D:1)
  A leopard gecko (D:1)
  3 orcs (D:3)
  4 giant cockroaches
  9 goblins
  4 hobgoblins
  2 jackals (D:3)
  6 bats
  2 frilled lizards
  A jackal skeleton (D:3)
  4 kobolds
  7 rats
49 creatures vanquished.

Notes
Turn   | Place    | Note
-------+----------+-------------------------------------------
     0 | D:1      | Leeroy the Draconian Skald began the quest for the Orb.
     0 | D:1      | Reached XP level 1. HP: 17/17 MP: 3/3
   103 | D:1      | Reached XP level 2. HP: 24/24 MP: 5/5
   212 | D:1      | Reached skill level 3 in Long Blades
   790 | D:2      | Reached XP level 3. HP: 29/29 MP: 6/6
   794 | D:2      | Noticed Terence
   817 | D:2      | Killed Terence
   817 | D:2      | Reached skill level 4 in Long Blades
   825 | D:2      | Learned a level 3 spell: Spectral Weapon
   841 | D:2      | Found an ancient bone altar of Kikubaaqudgha.
  1365 | D:2      | You fall into a shaft and drop 2 floors!
  1376 | D:4      | Learned a level 2 spell: Swiftness
  1396 | D:4      | Reached XP level 4. HP: 10/36 MP: 7/7
  1828 | D:3      | Found a shadowy altar of Dithmenos.
  2004 | D:3      | Found a white marble altar of Elyvilon.
  2033 | D:3      | Reached skill level 5 in Long Blades
  2048 | D:3      | Killed from afar by an orc wizard

Levels and vault maps discovered:
D:1:      lemuel_arrival_behind_the_door_large, layout_basic, minmay_tripent
D:2:      layout_basic, kiku_gazebo_pond_becter, uniq_terence
D:3:      layout_loops_cross, elyvilon_altar_3, old_standard_altar,
          tso_oasis_becter, first_ration, minmay_snake_closets
D:4:      layout_cave_pods, old_standard_altar, serial_shops, shop,
          ebering_ghost_sewer_d, fedhas_altar_1

Skill      XL: |  1  2  3  4 |
---------------+-------------+-----
Long Blades    | 3 4 5 |  5.0
Fighting       | |  2.1
Dodging        | |  2.1
Spellcasting   | |  2.0
Charms         | |  2.6

Action                   |  1- 3 |  4- 6 || total
-------------------------+-------+-------++-------
Melee: Falchion          |    52 |    48 ||   100
       Tailslap          |    12 |    12 ||    24
       Dagger            |    63 |     2 ||    65
 Cast: Spectral Weapon   |     1 |     2 ||     3
       Infusion          |     1 |       ||     1
  Use: Scroll            |       |     1 ||     1
 Stab: Sleeping          |     1 |       ||     1
  Eat: Chunk             |     2 |     2 ||     4
Armor: Skin              |    38 |    21 ||    59
Dodge: Dodged            |    64 |    18 ||    82
       Rpst.: Falchion   |     5 |     3 ||     8

Table legend:
 A = Non-vault XP
 B = Vault XP
 C = Vault XP percentage of total XP
 D = Non-vault monster count
 E = Vault monster count
 F = Vault count percentage of total count
                 A         B        C        D         E       F
            +---------+---------+-------+---------+---------+-------
      Total |     130 |      36 |  21.7 |      46 |       3 |   6.1
            +---------+---------+-------+---------+---------+-------
        D:1 |      34 |       4 |  10.5 |      21 |       2 |   8.7
        D:2 |      25 |      32 |  56.1 |       8 |       1 |  11.1
        D:3 |      32 |       0 |   0.0 |      16 |       0 |   0.0
        D:4 |      39 |       0 |   0.0 |       1 |       0 |   0.0
            +---------+---------+-------+---------+---------+-------
